 Dungeon Crawl Stone Soup version 0.31-a0-836-g3ceb0a68c4 (webtiles) character file.

Game seed: 18433444410107243349

400 Kurtz the Chopper (level 6, -2/42 HPs)
             Began as an Octopode Fighter on Sept 27, 2023.
             Slain by an orc
             ... wielding a +0 flail
              (6 damage)
             ... on level 5 of the Dungeon.
             The game lasted 00:01:53 (3186 turns).

Kurtz the Chopper (Octopode Fighter)                Turns: 3186, Time: 00:01:53

Health: -2/42      AC:  1    Str: 17    XL:     6   Next: 84%
Magic:  6/6        EV: 13    Int: 10    God:
Gold:   188        SH:  4    Dex: 12    Spells: 5/5 levels left

rFire   . . .        a - +0 war axe
rCold   . . .        b - +0 buckler
rNeg    . . .        (helmet restricted)
rPois   .            (no amulet)
rElec   .            (no ring)
rCorr   .            (no ring)
SInv    .            (no ring)
Will    .....        (no ring)
Stlth   ++           (no ring)
HPRegen 0.27/turn    (no ring)
MPRegen 0.10/turn    (no ring)
                     (no ring)

%: no passive effects
@: hasted, very quick
A: almost no armour, amphibious, 8 rings, camouflage 1, gelatinous body 1,
(nimble swimmer 1), tentacles
a: no special abilities


You were on level 5 of the Dungeon.
You visited 1 branch of the dungeon, and saw 5 of its levels.

You collected 188 gold pieces.

Inventory:

Hand Weapons
 a - a +0 war axe (weapon)
Missiles
 l - 3 datura-tipped darts
 o - 8 poisoned darts
Armour
 b - a +0 buckler (worn)
Jewellery
 f - an amulet of reflection
 u - a ring of ice
Scrolls
 e - a scroll of vulnerability {unknown}
 g - a scroll of silence {unknown}
 h - 3 scrolls of identify {unknown}
 k - 3 scrolls of teleportation {unknown}
 m - a scroll of amnesia {unknown}
 n - a scroll of enchant armour {unknown}
 q - a scroll of acquirement {unknown}
 r - a scroll of blinking {unknown}
 t - a scroll of poison {unknown}
 w - a scroll of butterflies {unknown}
Potions
 c - a potion of might
 d - a potion of haste
 i - 2 potions of mutation {unknown}
 j - a potion of magic {unknown}
 p - a potion of brilliance {unknown}
 s - 2 potions of curing {unknown}
 v - a potion of enlightenment {unknown}


   Skills:
 - Level 3.0 Fighting
 * Level 7.1 Axes
 - Level 3.0 Dodging
 - Level 3.0 Shields


You had 5 spell levels left.
You didn't know any spells.
Your spell library contained the following spells:

 Spells                   Type           Power      Damage    Failure   Level
 Hailstorm                Conj/Ice       0%         3d3       82%         3
 Volatile Blastmotes      Fire/Tloc      0%         2d10      82%         3
 Fulminant Prism          Conj/Hex       0%         3d5       99%         4
 Iskenderun's Mystic Bla  Conj/Tloc      0%         2d3       99%         4
 Summon Ice Beast         Ice/Summ       0%         N/A       99%         4
 Summon Forest            Summ/Tloc      0%         N/A       100%        5
 Eringya's Noxious Bog    Tmut/Pois      0%         4d6       100%        6
 Simulacrum               Ice/Necr       0%         N/A       100%        6
 Summon Hydra             Summ           0%         N/A       100%        7


Dungeon Overview and Level Annotations

Branches:
Dungeon (5/15)
 Temple: D:4-7

Altars:


Innate Abilities, Weirdness & Mutations

You cannot wear most types of armour.
You are amphibious.
You can wear up to eight rings at the same time.
Your skin changes colour to match your surroundings (Stealth+).
Your rubbery body absorbs attacks. (AC +1, EV +1)
((You are camouflaged when in or above water. (Stealth+)))
You have tentacles for arms and can constrict up to eight enemies at once.


Message History

The orc shouts! x3; The orc priest shouts!
You hear a shout!
There is a stone staircase leading up here.
There are monsters nearby!
There are monsters nearby!
The orc misses you.
There are monsters nearby!
The ufetubus shouts!
You hit the orc. Your grab misses the orc.
The orc is heavily wounded.
The orc throws a boomerang.
The boomerang hits you. The orc hits you with a +0 flail.
There are monsters nearby!
You hit the orc but do no damage. Your grab misses the orc.
The orc is heavily wounded.
You closely miss the ufetubus. You hit the orc priest.
The ufetubus closely misses you. You block the ufetubus's attack.
The orc priest hits you with a +0 whip of electrocution.
You are electrocuted!
The orc barely misses you.
You are too injured to fight recklessly!
Unknown command.
You are too injured to fight recklessly!
It was a potion of haste.
You feel yourself speed up. The ufetubus barely misses you.
You block the ufetubus's attack. The ufetubus misses you.
The ufetubus closely misses you. The orc barely misses you.
The orc priest hits you with a +0 whip of electrocution!
* * * LOW HITPOINT WARNING * * *
The orc misses you. The orc barely misses you.
You closely miss the orc. Your grab misses the orc.
The orc is heavily wounded.
You hit the orc but do no damage.
You hit the orc priest but do no damage.
You hit the ufetubus but do no damage. You closely miss the orc.
The ufetubus hits you.
* * * LOW HITPOINT WARNING * * *
The ufetubus closely misses you. The orc closely misses you.
The orc priest hits you with a +0 whip of electrocution!
* * * LOW HITPOINT WARNING * * *
The orc misses you. The orc hits you with a +0 flail.
You die...

###### #.....#
.......##
........########
...............#
...............#
......o.<......#
......o@5......#
......o#o.......
#..............#
#####..........#
###.........
#........#
##...##### ..##


You could see an orc priest, 3 orcs and an ufetubus.

Vanquished Creatures
  Menkaure (D:4)
  2 hounds (D:4)
  2 iguanas (D:4)
  An orc wizard (D:3)
  6 adders
  An ufetubus (D:3)
  2 worms (D:3)
  6 orcs
  5 ball pythons
  8 endoplasms
  3 giant cockroaches
  10 goblins
  5 hobgoblins
  4 kobolds
  5 quokkas
  6 bats
  3 frilled lizards
  4 rats
74 creatures vanquished.

Notes
Turn   | Place    | Note
-------+----------+-------------------------------------------
     0 | D:1      | Kurtz the Octopode Fighter began the quest for the Orb.
     0 | D:1      | Reached XP level 1. HP: 16/16 MP: 1/1
   225 | D:1      | Reached XP level 2. HP: 21/21 MP: 2/2
   477 | D:1      | Reached skill level 3 in Axes
   830 | D:2      | Reached XP level 3. HP: 26/26 MP: 3/3
   869 | D:2      | Reached skill level 4 in Axes
   943 | D:2      | Reached XP level 4. HP: 26/31 MP: 4/4
  2164 | D:3      | Reached skill level 5 in Axes
  2192 | D:3      | Reached XP level 5. HP: 36/36 MP: 5/5
  2734 | D:4      | Noticed Menkaure
  2738 | D:4      | Killed Menkaure
  2739 | D:4      | Reached skill level 6 in Axes
  2739 | D:4      | Reached XP level 6. HP: 40/42 MP: 6/6
  2896 | D:4      | Reached skill level 7 in Axes
  3181 | D:5      | Entered Level 5 of the Dungeon
  3186 | D:5      | Slain by an orc

Illustrated notes

Levels and vault maps discovered:
D:1:      zelgadis_glass_arrival_small, layout_loops_ring
D:2:      layout_rooms, hangedman_abyss_or_decor_stabs, minmay_distorted
D:3:      layout_basic
D:4:      layout_rooms, uniq_menkaure
D:5:      layout_rooms, nicolae_ru_path_of_blood, evilmike_ruin_ashenzari,
          nicolae_figureground_sparkle

Skill      XL: |  1  2  3  4  5  6 |
---------------+-------------------+-----
Axes           | 3 4 5 6 7 |  7.1
Fighting       | |  3.0
Dodging        | |  3.0
Shields        | |  3.0

Action                     |  1- 3 |  4- 6 || total
---------------------------+-------+-------++-------
  Melee: War axe           |    58 |    90 ||   148
         Tentacles         |     6 |     9 ||    15
         Constrict         |    13 |    17 ||    30
         Punch             |       |     1 ||     1
    Use: Potion            |       |     1 ||     1
   Stab: Sleeping          |     4 |     6 ||    10
 Armour: Skin              |    19 |    46 ||    65
  Dodge: Dodged            |    36 |    61 ||    97
  Block: Buckler           |    13 |    13 ||    26

Table legend: (Time is in decaauts)
 A = Elapsed time spent in this place.
 B = Non-inter-level travel time spent in this place.
 C = Inter-level travel time spent in this place.
 D = Time resting spent in this place.
 E = Time spent auto-exploring this place.
 F = Levels seen in this place.
 G = Mean time per level.
                   A        B        C        D        E       F      G
               +--------+--------+--------+--------+--------+-----+--------+
         Total |   3232 |   3114 |    118 |    220 |   2429 |   5 |  646.4 |
       Dungeon |   3232 |   3114 |    118 |    220 |   2429 |   5 |  646.4 |
               +--------+--------+--------+--------+--------+-----+--------+

Top non-repeatable levels by time:
     D:3: 1271 daAuts
     D:1: 716 daAuts
     D:4: 701 daAuts
     D:2: 538 daAuts
     D:5: 5 daAuts
